woodfighter, neutral female human Ranger ----- ------------ |....### --..........| |.{.| # #............| |....#####|...........| |...| *+...........| # ---.- #|..........-- ####+ ## #-.---------- # # # ####%############# # ### # # # # # ### # # # # # ---.---- ### --+ # |.......######... # |......|### |@J -------# |....... .>. |.....|# |......| |.....|# |......| .<.....# -------- |.....| ------- woodfighter the Reconnoiteress Experience level: 11 Strength: 18/01 Dexterity: 17 Constitution: 17 Intelligence: 13 Wisdom: 14 Charisma: 7 Health: 0(68) Energy: 65(65) Def: 19 Gold: 193 Moves: 22553 Dungeon seed: fbHDD_XRaK1MqvMj Game ID: woodfighter_1580076288 Your Inventory: Coins $ - 193 gold pieces Amulets Q - an uncursed amulet of ESP (being worn) Weapons a - a +2 bow (weapon in hand) i - 40 +2 arrows (in quiver) Armor e - an uncursed +2 cloak of displacement (being worn) n - an uncursed +0 pair of jumping boots (being worn) J - an uncursed +0 pair of gauntlets of dexterity (being worn) N - an uncursed +0 dwarvish mithril-coat (being worn) Comestibles U - 2 uncursed food rations Z - an uncursed lizard corpse Rings r - an uncursed ring of regeneration (on right hand) O - a blessed +3 ring of protection (on left hand) Wands d - a wand of digging (0:3) f - a wand of fire (0:3) g - a wand of teleportation (0:7) h - a wand of sleep (0:5) Tools b - an uncursed stethoscope j - a +0 unicorn horn l - an uncursed oil lamp (0:1423) q - a -1 unicorn horn s - a blessed bag of holding t - a +0 pick-axe y - an uncursed skeleton key B - an uncursed magic whistle Gems u - a blessed luckstone Contents of the bag of holding: 9306 gold pieces a [uncursed] amulet of unchanging 9 [blessed] +2 arrows 92 +0 arrows 12 +1 elven arrows 29 +0 elven arrows a [uncursed] [+0] elven shield an uncursed +0 mummy wrapping a [cursed] [-5] pair of gauntlets of fumbling 2 [uncursed] lembas wafers 3 uncursed lizard corpses a [blessed] scroll of blank paper a [uncursed] scroll of confuse monster a [blessed] scroll of create monster 4 [uncursed] scrolls of create monster a [uncursed] scroll of enchant armor 2 [uncursed] scrolls of enchant weapon a [cursed] scroll of identify a [uncursed] scroll of light a [uncursed] scroll of magic mapping an uncursed scroll of remove curse a [uncursed] scroll of scare monster a [uncursed] scroll of teleportation 2 [uncursed] scrolls of water a [uncursed] spellbook of charm monster a [uncursed] spellbook of cure blindness a [uncursed] spellbook of magic missile a [uncursed] spellbook of slow monster a [uncursed] potion of blindness a [cursed] potion of booze a [uncursed] potion of extra healing a [uncursed] potion of gain energy 3 [uncursed] potions of healing a [blessed] potion of healing a [blessed] potion of invisibility 2 [uncursed] potions of object detection 2 [cursed] potions of object detection a [uncursed] potion of paralysis a [uncursed] potion of restore ability a [uncursed] potion of see invisible a [uncursed] potion of sickness a [blessed] potion of sleeping 5 [uncursed] potions of water a [blessed] [+1] ring of increase damage a [uncursed] ring of protection from shape changers an uncursed wand of magic missile [0:7] a [uncursed] wand of nothing [0:6] a [uncursed] wand of polymorph [0:8] a [uncursed] wand of probing [0:8] a [cursed] wand of striking [0:7] a [uncursed] wand of striking [0:2] a [uncursed] wand of striking [0:4] a [uncursed] wand of undead turning [0:8] a [uncursed] magic marker [0:77] an uncursed [+0] unicorn horn 2 uncursed agates a [uncursed] amber 3 uncursed emeralds a cursed jade 2 uncursed jaspers an uncursed jet 2 uncursed rubies Spells and supernatural/magical abilities: Name Level Category Fail Memory W - pray for help -- divine ? -- Y - supernatural jump -- ability ? -- Your skills at the end: Miscellaneous Skills wands [Basic] Weapon Skills dagger [Basic] bow [Expert] Spellcasting Skills Final Attributes: You were devoutly aligned. You were fire resistant. You were cold resistant. You were poison resistant. You saw invisible. You were telepathic. You had automatic searching. You were invisible to others. You were displaced. You were somewhat stealthy. You could jump. You regenerated. You were protected. You were extremely lucky. You had extra luck. Good luck did not time out for you. You are dead. Vanquished creatures: a green dragon a frost giant 2 ghosts a queen bee a winged gargoyle 2 giant mimics 2 fire giants a large mimic a long worm a stalker 6 hill giants a black naga 4 elf-lords a giant zombie 3 wargs a glass piercer a xan 2 ettin mummies an ogre lord a troll a pyrolisk a large dog 5 freezing spheres 2 shocking spheres a tiger a dwarf king a tengu a chameleon an energy vortex 2 mountain centaurs 4 Grey-elves 2 pit vipers a wraith an ettin zombie a leather golem 2 succubi 4 cockatrices 5 wolves 3 black lights a lynx 6 leprechauns a quivering blob 4 lizards a mumak 3 giant spiders 3 ice vortices 2 vampire bats 3 forest centaurs 3 gnome kings a rust monster a yeti a gold golem 2 chickatrices a dingo a housecat 4 dwarf lords a blue jelly a water nymph 2 white unicorns a black unicorn a dust vortex 2 ravens 2 gnome mummies a Woodland-elf 2 human zombies a rope golem 4 soldier ants 4 fire ants 2 yellow lights 15 bugbears an imp 4 wood nymphs 4 Mordor orcs an Uruk-hai 3 rock moles a rock piercer 4 ponies a fog cloud 4 shriekers 4 violet fungi 32 gnome lords 14 gnomish wizards a black naga hatchling 4 gray oozes an elf zombie a paper golem 8 giant ants 2 puppies 6 floating eyes 3 kittens 24 dwarves 2 homunculi 5 quasits 3 kobold lords a kobold shaman 5 iguanas 10 hill orcs 4 rothes a rabid rat 4 centipedes 2 jitterbugs 2 giant bats a monkey an orc zombie 2 dwarf zombies 5 wererats 53 killer bees 5 coyotes 2 gas spores 9 hobbits 3 acid blobs 2 large kobolds 7 geckos 23 hobgoblins 7 giant rats 3 cave spiders a yellow mold 2 green molds 2 red molds 81 gnomes 2 garter snakes 8 manes a gnome zombie 10 jackals 7 foxes 6 kobolds 10 newts 5 goblins 13 sewer rats 13 grid bugs 2 bats 5 lichens 5 kobold zombies 608 creatures vanquished. Genocided species: island nymphs 1 species genocided. Voluntary challenges: You did not cause conflict. You were not invisible. You did not have reflection. You had been an atheist until turn 3513. You used a wielded weapon 9 times, starting on turn 748. You did not use plumbed fixtures. You read items or engraved 6 times, starting on turn 3511. You genocided 1 type of monster, starting on turn 14581. You never polymorphed an object. You never changed form. You cheated 3 times but completed Sokoban on turn 7256. You used no wishes. You never split a pudding. You never wrote Elbereth's name. You violated your moral code, losing 1 point of alignment, starting on turn 1105. Dungeon overview: The Dungeons of Doom: levels 1 to 21 Level 1 (water) a sink a long staircase Level 2 stairs to The Gnomish Mines Level 3 a fountain Level 4 (water) a general store Level 5 many fountains Level 6 a fountain stairs to Sokoban Level 7 a fountain Level 8 Level 9 (water) a fountain Level 10 (water) a fountain Level 11 (water) some fountains Level 12 a fountain Level 13 many fountains Level 14 a throne Level 15 a fountain Level 16 Level 17 a fountain Level 18 Level 19 a sink Level 20 Level 21 <- You were here a fountain The Gnomish Mines: levels 3 to 11 Level 3 stairs to The Dungeons of Doom Level 4 Level 5 (gray unicorn) many shops, a temple to Mercury, a magic chest, some fountains Level 6 Level 7 Level 8 Level 9 Level 10 Level 11 a magic chest, a fountain Sokoban: levels 2 to 5 Level 2 a magic chest Level 3 a sink Level 4 Level 5 an altar to Mercury, a magic chest stairs to The Dungeons of Doom History has recorded: On T:1 you entered the Dungeons of Doom to retrieve the Amulet of Yendor! On T:208 you reached level 2 of The Dungeons of Doom. On T:353 you reached level 1 of The Gnomish Mines. On T:646 you reached level 3 of The Dungeons of Doom. On T:748 you advanced to experience level 2. On T:1104 you reached level 4 of The Dungeons of Doom. On T:1232 you advanced to experience level 3. On T:1364 you reached level 5 of The Dungeons of Doom. On T:1662 you advanced to experience level 4. On T:1691 you reached level 6 of The Dungeons of Doom. On T:1843 you reached level 7 of The Dungeons of Doom. On T:1986 you reached level 4 of Sokoban. On T:2310 you advanced to experience level 5. On T:2498 you reached level 2 of The Gnomish Mines. On T:2821 you advanced to experience level 6. On T:3508 you opened a magic chest. On T:3937 you reached level 3 of Sokoban. On T:4695 you reached level 2 of Sokoban. On T:5133 you prayed to Venus. On T:5302 you advanced to experience level 7. On T:5309 you reached level 1 of Sokoban. On T:7256 you entered the Sokoban zoo. On T:7342 you advanced to experience level 8. On T:8183 you reached level 3 of The Gnomish Mines. On T:8876 you reached level 4 of The Gnomish Mines. On T:9080 you entered the Minetown temple On T:9441 you reached level 5 of The Gnomish Mines. On T:10124 you reached level 6 of The Gnomish Mines. On T:10390 you advanced to experience level 9. On T:10468 you reached level 7 of The Gnomish Mines. On T:10953 you reached level 9 of The Gnomish Mines. On T:10953 you reached the bottom of the Mines. On T:10994 you reached level 8 of The Gnomish Mines. On T:13516 you reached level 8 of The Dungeons of Doom. On T:14436 you reached level 9 of The Dungeons of Doom. On T:15999 you advanced to experience level 10. On T:16314 you reached level 10 of The Dungeons of Doom. On T:16529 you reached level 11 of The Dungeons of Doom. On T:17241 you reached level 12 of The Dungeons of Doom. On T:17894 you reached level 13 of The Dungeons of Doom. On T:18367 you reached level 14 of The Dungeons of Doom. On T:19565 you reached level 16 of The Dungeons of Doom. On T:19565 you entered the Rogue tribute level. On T:20193 you reached level 17 of The Dungeons of Doom. On T:20360 you advanced to experience level 11. On T:20643 you reached level 18 of The Dungeons of Doom. On T:21220 you reached level 19 of The Dungeons of Doom. On T:21675 you reached level 20 of The Dungeons of Doom. On T:21815 you reached level 21 of The Dungeons of Doom. Score breakdown: Gold: 9499 ( 949 points) Experience: 11 levels ( 1000 points) Exploration: 21 levels ( 600 points) Discoveries: 105 items ( 2000 points) Variety of kills: 133 monsters ( 2000 points) Major goal: Sokoban/Mines ( 1500 points) Survival: died (score multiplied by 3) Total score: 24147 Latest messages: You shoot 4 arrows. The 1st arrow hits the rope golem! The 2nd arrow hits the rope golem! You destroy the rope golem! i - 4 +2 arrows (in quiver). i - 2 +2 arrows (in quiver). $ - 136 gold pieces. You hear a sound reminiscent of an elephant stepping on a peanut. $ - 57 gold pieces. The gryphon misses. The gryphon claws you! (2x) You shoot 2 arrows. The 1st arrow hits the gryphon! The 2nd arrow hits the gryphon! The gryphon pecks! The gryphon claws you! (2x) The gryphon pecks! The gryphon misses. The gryphon claws you! You shoot 3 arrows. The 1st arrow hits the gryphon! The 2nd arrow hits the gryphon! The 3rd arrow hits the gryphon! The gryphon pecks! You die... Final status: Goodbye woodfighter the Ranger, killed by a gryphon... You died in The Dungeons of Doom on dungeon level 21 with 24147 points, and 9499 pieces of gold, after 22553 moves. You were level 11 with a maximum of 68 hit points when you died.